 Dungeon Crawl Stone Soup version 0.31-a0-988-g08d55dae12 (webtiles) character file.

Game seed: 910749316706741658

10 Azuregosa the Sneak (level 2, -8/21 HPs)
             Began as an Octopode Delver on Nov 6, 2023.
             Was an Initiate of Trog.
             Mangled by Edmund
             ... wielding a +5 flail of holy wrath
              (11 damage)
             ... on level 5 of the Dungeon.
             The game lasted 00:02:09 (123 turns).

Azuregosa the Sneak (Octopode Delver)                Turns: 123, Time: 00:02:11

Health: -8/21      AC:  1    Str: 11    XL:     2   Next: 20%
Magic:  2/2        EV: 13    Int: 12    God:    Trog [......]
Gold:   0          SH:  0    Dex: 13    Spells: 1/1 levels left

rFire   . . .        a - +0 falchion
rCold   . . .        (no shield)
rNeg    . . .        (helmet restricted)
rPois   .            (no amulet)
rElec   .            (no ring)
rCorr   .            (no ring)
SInv    .            (no ring)
Will    .....        (no ring)
Stlth   ++++         (no ring)
HPRegen 0.23/turn    (no ring)
MPRegen 0.08/turn    (no ring)
                     (no ring)

%: no passive effects
@: no status effects
A: almost no armour, amphibious, 8 rings, camouflage 1, gelatinous body 1,
(nimble swimmer 1), tentacles
a: Renounce Religion


You were on level 5 of the Dungeon.
You worshipped Trog.
Trog was noncommittal.
You visited 2 branches of the dungeon, and saw 2 of its levels.

Inventory:

Hand Weapons
 a - a +0 falchion (weapon)
Missiles
 c - 4 stones
Wands
 f - a wand of digging (3)
Scrolls
 b - a scroll of fog
Potions
 e - a potion of haste


   Skills:
 - Level 3.0 Fighting
 - Level 2.0 Long Blades
 - Level 2.0 Dodging
 + Level 7.3 Stealth


You had one spell level left.
You didn't know any spells.
Your spell library was empty.

Dungeon Overview and Level Annotations

Branches:
Dungeon (5/15)             Temple (1/1) D:5

Altars:
Fedhas
Hepliaklqana
Makhleb
Nemelex Xobeh
Okawaru
Qazlal
Ru
Sif Muna
Trog
Uskayaw
Wu Jian
Xom
Yredelemnul
The Shining One

Annotations:
D:5 Edmund


Innate Abilities, Weirdness & Mutations

You cannot wear most types of armour.
You are amphibious.
You can wear up to eight rings at the same time.
Your skin changes colour to match your surroundings (Stealth+).
Your rubbery body absorbs attacks. (AC +1, EV +1)
((You are camouflaged when in or above water. (Stealth+)))
You have tentacles for arms and can constrict up to eight enemies at once.


Message History

Edmund the Younger comes into view.
He is wielding a +5 flail of holy wrath.
Found a runed halberd.
Edmund shouts!
There is a staircase to the Ecumenical Temple here.
You climb downwards.
Welcome to the Ecumenical Temple!
Found six altars.
Found a staircase back to the Dungeon.
There is a staircase back to the Dungeon here.
You start resting.
HP restored.
Found two altars.
There is a bloodstained altar of Trog here.
You curl up in front of the altar of Trog.
Trog welcomes you!
There is a staircase back to the Dungeon here.
You climb upwards.
You hear the hiss of flowing sand.
There is an entrance to an ossuary on this level.
Hurry and find it before the portal is buried!
Level annotation: Edmund You hear the slow hiss of a distant avalanche of sand.
Edmund hits you with a +5 flail of holy wrath!
Ouch! That really hurt!
There is a staircase to the Ecumenical Temple here.
Okay, then.
You hit Edmund. Your grab misses Edmund. Your squeeze misses Edmund.
Edmund is lightly wounded.
Edmund closely misses you.
You hit Edmund but do no damage. Your grab misses Edmund. You squeeze Edmund.
Edmund is lightly wounded.
Edmund hits you with a +5 flail of holy wrath!
* * * LOW HITPOINT WARNING * * *
You barely miss Edmund. You grab Edmund. You squeeze Edmund.
Edmund is lightly wounded.
You constrict Edmund. Edmund barely misses you. x2
You hit Edmund.
Edmund is moderately wounded.
You constrict Edmund, but do no damage.
Edmund hits you with a +5 flail of holy wrath!
Ouch! That really hurt!
You die...
Edmund whines, "They better pay attention to me now!"

#...#.........,,,,* ###
###.............,,,,*
..########.......#.....#***,,*
#...................#*,* *,,*
######.).#......#.#.#*,* *,,*
.g.....#.##...###.#,,#,* *,,***
######......###...##.#)# **,,,,*
##.#.#........#...#**,,,*,*
#g#...##..@..##...#,*,*,,*
******#.##...#..@.....#..,,,,,,*
,,,,,,.......##...###...*,*,*,,*
******##*###..#.###,,,..#*,,,,,**
##.#.#..,*,*..,,,,,,,,
*,....##*,,,#*,,*,,**
**..#..#*******,**,,**
*,..,,..,,,,,,<,,,,,,,
*,,*,,,,****,,,,,,,,,,


You could see Edmund.

Vanquished Creatures
  A gnoll (D:5)
1 creature vanquished.

Notes
Turn   | Place    | Note
-------+----------+-------------------------------------------
     0 | D:5      | Azuregosa the Octopode Delver began the quest for the Orb.
     0 | D:5      | Reached XP level 1. HP: 16/16 MP: 1/1
    29 | D:5      | Noticed a gnoll bouda
    36 | D:5      | Reached skill level 7 in Stealth
    36 | D:5      | Reached XP level 2. HP: 10/21 MP: 2/2
    44 | D:5      | Found a staircase to the Ecumenical Temple.
    51 | D:5      | Noticed Edmund
    54 | Temple   | Entered the Ecumenical Temple
   110 | Temple   | Became a worshipper of Trog the Wrathful
   123 | D:5      | Mangled by Edmund

Illustrated notes

Levels and vault maps discovered:
D:5:      layout_loops_ring, minmay_temple_entry_slanted,
          nicolae_ossuary_entry_giza, st_stairs_4, lexackson_kobold_supper,
          uniq_edmund
Temple:   eino_temple_lava

Skill      XL: |  1 |
---------------+----+-----
Stealth        | 7 |  7.3
Fighting       | |  3.0
Long Blades    | |  2.0
Dodging        | |  2.0

Action                     || total
---------------------------++-------
  Melee: Falchion          ||     9
         Constrict         ||     2
         Tentacles         ||     2
    Use: Scroll            ||     2
 Armour: Skin              ||     6
  Dodge: Dodged            ||    11

Table legend: (Time is in decaauts)
 A = Elapsed time spent in this place.
 B = Non-inter-level travel time spent in this place.
 C = Inter-level travel time spent in this place.
 D = Time resting spent in this place.
 E = Time spent auto-exploring this place.
 F = Levels seen in this place.
 G = Mean time per level.
                   A        B        C        D        E       F      G
               +--------+--------+--------+--------+--------+-----+--------+
         Total |    124 |    124 |      0 |     48 |      0 |   2 |   62.0 |
       Dungeon |     60 |     60 |      0 |      0 |      0 |   1 |   60.0 |
        Temple |     64 |     64 |      0 |     48 |      0 |   1 |   64.0 |
               +--------+--------+--------+--------+--------+-----+--------+

Top non-repeatable levels by time:
  Temple: 64 daAuts
     D:5: 60 daAuts
